 Dungeon Crawl Stone Soup version 0.32-a0-900-g30fb1b0edc (webtiles) character file.

Game seed: 1033434920403732344

427 Griffin23 the Slasher (level 6, -1/56 HPs)
             Began as a Minotaur Fighter on Apr 5, 2024.
             Was a Follower of Nemelex Xobeh.
             Slain by an orc
             ... wielding a +2 war axe of venom
              (8 damage)
             ... on level 4 of the Dungeon.
             The game lasted 00:05:09 (3925 turns).

Griffin23 the Slasher (Minotaur Fighter)            Turns: 3925, Time: 00:05:10

Health: -1/56      AC:  9    Str: 22    XL:     6   Next: 65%
Magic:  5/5        EV: 12    Int:  5    God:    Nemelex Xobeh [*.....]
Gold:   232        SH:  9    Dex: 10    Spells: 5/5 levels left

rFire   . . .        a - +0 long sword
rCold   . . .        c - +0 buckler
rNeg    . . .        u - +0 chain mail
rPois   .            (helmet restricted)
rElec   +            (no cloak)
rCorr   .            (no gloves)
SInv    .            (no boots)
Will    +....        y - amulet of Balance {Reflect rElec SH+5} Stlth
                     e - +5 ring of evasion
HPRegen 0.29/turn    n - ring of willpower
MPRegen 0.09/turn

%: reflection
@: no status effects
A: horns 2, retaliatory headbutt
a: Renounce Religion, Draw Escape, Draw Destruction, Draw Summoning


You were on level 4 of the Dungeon.
You worshipped Nemelex Xobeh.
Nemelex Xobeh was aware of your devotion.
You visited 1 branch of the dungeon, and saw 4 of its levels.

You collected 262 gold pieces.
You spent 30 gold pieces at shops.

Inventory:

Hand Weapons
 a - a +0 long sword (weapon)
Armour
 b - a +0 scale mail
 c - a +0 buckler (worn)
 u - a +0 chain mail (worn)
 B - a scarf of invisibility
Jewellery
 e - a +5 ring of evasion (left hand)
 n - a ring of willpower (right hand)
 s - a ring of resist corrosion
 y - the amulet of Balance (around neck) {Reflect rElec SH+5}
   (You found it on level 3 of the Dungeon)

   [amulet of reflection]

   Reflect:   It reflects blocked missile attacks.
   rElec:     It insulates you from electricity.
   SH+5:      It affects your SH (+5).
Wands
 v - a wand of paralysis (10)
 A - a wand of roots (8)
Scrolls
 f - 2 scrolls of noise {unknown}
 i - 2 scrolls of identify {unknown}
 j - a scroll of immolation {unknown}
 k - a scroll of enchant armour {unknown}
 r - 4 scrolls of teleportation {unknown}
 x - a scroll of amnesia {unknown}
Potions
 d - a potion of might
 g - a potion of curing
 h - a potion of invisibility {unknown}
 l - a potion of attraction {unknown}
 m - a potion of cancellation {unknown}
 o - a potion of mutation {unknown}
 p - 2 potions of heal wounds {unknown}
 q - 3 potions of enlightenment {unknown}
 t - 3 potions of berserk rage {unknown}
 w - a potion of lignification {unknown}
 z - 2 potions of degeneration {unknown}


   Skills:
 + Level 5.1 Fighting
 * Level 5.6 Long Blades
 + Level 5.3 Armour
 + Level 5.2 Shields


You had 5 spell levels left.
You didn't know any spells.
Your spell library contained the following spells:

 Spells                   Type           Power      Damage    Failure   Level
 Apportation              Tloc           0%         N/A       98%         1
 Necrotise                Necr           0%         1d4       98%         1
 Sting                    Conj/Alch      0%         1d3       98%         1
 Summon Small Mammal      Summ           0%         N/A       98%         1


Dungeon Overview and Level Annotations

Branches:
Dungeon (4/15)
 Temple: D:4-7

Altars:
Ashenzari
Nemelex Xobeh
Ru
Uskayaw
Wu Jian
Xom
The Shining One

Shops:
D:2 !

Annotations:
D:4 Sigmund


Innate Abilities, Weirdness & Mutations

You have a pair of horns on your head.
You reflexively headbutt those who attack you in melee.


Message History

You hit something. Your headbutt misses something.
Something hits you but does no damage. You block the orc's attack.
You miss something. Something hits you! Something hits you.
The orc hits you with a +2 war axe of venom.
You are poisoned.
Something hits you. The orc barely misses you.
You hit something.
Reactivating autopickup.
You feel a bit more experienced.
You feel very sick. Something hits you!
* * * LOW HITPOINT WARNING * * *
Deactivating autopickup; reactivate with Ctrl-A.
You block the orc's attack.
Okay, then.
You feel better. Something hits you.
* * * LOW HITPOINT WARNING * * *
The orc hits you with a +2 war axe of venom.
* * * LOW HITPOINT WARNING * * *
You are lethally poisoned!
You feel better.
The orc hits you with a +2 war axe of venom.
* * * LOW HITPOINT WARNING * * *
You are poisoned.
You barely miss the orc. You headbutt the orc, but do no damage.
* * * LOW HITPOINT WARNING * * *
You feel very sick. Something hits you but does no damage.
You block the orc's attack.
You hit the orc. You headbutt the orc.
The orc is heavily wounded.
You feel sick. Something hits you but does no damage.
You block the orc's attack.
You hit the orc but do no damage.
The orc is heavily wounded.
You feel sick. The orc closely misses you. Something hits you!
* * * LOW HITPOINT WARNING * * *
You feel better.
The orc hits you with a +2 war axe of venom!
You die...
Your body disappears without a glow.

#...#####.# #.##.## ##
........>.# ## #.###.###.
........... .. ##...#
.......... #. # #####
.......#.# #. .#
.......#.######.####.###.#
............ ...{......#.#
.....###.## #)o........
#.....## #)@....[>##
.......#.#
#.......#.#########
#........#
##.......##........
.........#
#.......##.#######
.........# #.......##<#
##......## ####.##.##.#
##...#.# #.##.##.# #####.#
#.##.##.##### #
#)##.##.....#


You could see an orc.

Vanquished Creatures
  Blork the orc (D:4)
  An orc priest (D:4)
  A hound (D:4)
  An iguana (D:4)
  Jessica (D:2)
  Ijyb (D:3)
  An orc wizard (D:4)
  Robin (D:2)
  7 gnolls
  2 adders (D:2)
  2 dart slugs (D:1)
  A ribbon worm (D:3)
  2 orcs (D:4)
  4 endoplasms
  2 giant cockroaches
  18 goblins
  10 hobgoblins
  7 jackals
  2 kobolds
  6 quokkas
  4 ball pythons
  5 bats
  3 frilled lizards
  9 rats
92 creatures vanquished.

Notes
Turn   | Place    | Note
-------+----------+-------------------------------------------
     0 | D:1      | Griffin23 the Minotaur Fighter began the quest for the Orb.
     0 | D:1      | Reached XP level 1. HP: 19/19 MP: 0/0
    13 | D:1      | Reached XP level 2. HP: 24/27 MP: 1/1
   290 | D:1      | Reached XP level 3. HP: 32/33 MP: 2/2
   870 | D:2      | Noticed Jessica
   879 | D:2      | Killed Jessica
   880 | D:2      | Reached XP level 4. HP: 35/40 MP: 3/3
  1045 | D:2      | Found Boluaf's Distillery.
  1052 | D:2      | Bought a potion of curing for 30 gold pieces
  1726 | D:2      | Noticed Robin
  1738 | D:2      | Killed Robin
  1739 | D:2      | Reached XP level 5. HP: 40/47 MP: 4/4
  2570 | D:3      | Found a faded altar of an unknown god.
  2942 | D:3      | Prayed at the altar of an unknown god.
  2942 | D:3      | Became a worshipper of Nemelex Xobeh the Trickster
  2942 | D:3      | Reached * piety under Nemelex Xobeh
  3052 | D:3      | Noticed Ijyb
  3058 | D:3      | Paralysed by Ijyb for 5 turns
  3065 | D:3      | Killed Ijyb
  3111 | D:3      | Identified the amulet of Balance {Reflect rElec SH+5}
  3345 | D:4      | Found a glowing golden altar of the Shining One.
  3348 | D:4      | Found a hide-covered altar of Uskayaw.
  3348 | D:4      | Found an ornate altar of the Wu Jian Council.
  3369 | D:4      | Found a broken altar of Ashenzari.
  3369 | D:4      | Found a shimmering altar of Xom.
  3465 | D:4      | Reached skill level 5 in Long Blades
  3465 | D:4      | Reached skill level 5 in Armour
  3465 | D:4      | Reached XP level 6. HP: 47/55 MP: 5/5
  3516 | D:4      | Found a sacrificial altar of Ru.
  3833 | D:4      | Noticed Blork the orc
  3845 | D:4      | Killed Blork the orc
  3846 | D:4      | Reached skill level 5 in Fighting
  3846 | D:4      | Reached skill level 5 in Shields
  3898 | D:4      | Noticed Sigmund
  3924 | D:4      | HP: 1/56 [something (7)]
  3925 | D:4      | Slain by an orc

Illustrated notes

Levels and vault maps discovered:
D:1:      lightli_iron_boxes, layout_basic, nrook_mini_backslash,
          chequers_serial_rivers_small_b
D:2:      layout_basic, serial_shops, shop, uniq_robin, uniq_jessica
D:3:      kennysheep_goblin_castle, layout_loops_cross,
          shapermc_ecumenical_altar_venn
D:4:      layout_loops_ring, grunt_temple_overflow_open, kennysheep_little_box,
          grunt_ministairs_4, uniq_blork_the_orc, uniq_sigmund

Skill      XL: |  1  2  3  4  5  6 |
---------------+-------------------+-----
Long Blades    | 3 4 5 |  5.6
Armour         | 4 5 |  5.3
Shields        | 4 5 |  5.2
Fighting       | 4 5 |  5.1

Action                     |  1- 3 |  4- 6 || total
---------------------------+-------+-------++-------
  Melee: Long sword        |    87 |   164 ||   251
         Headbutt          |    12 |    31 ||    43
    Use: Potion            |       |     3 ||     3
 Armour: Scale mail        |    71 |    65 ||   136
         Chain mail        |       |    81 ||    81
  Dodge: Dodged            |    42 |    97 ||   139
  Block: Buckler           |    27 |    68 ||    95

Table legend: (Time is in decaauts)
 A = Elapsed time spent in this place.
 B = Non-inter-level travel time spent in this place.
 C = Inter-level travel time spent in this place.
 D = Time resting spent in this place.
 E = Time spent auto-exploring this place.
 F = Levels seen in this place.
 G = Mean time per level.
                   A        B        C        D        E       F      G
               +--------+--------+--------+--------+--------+-----+--------+
         Total |   3983 |   3617 |    366 |      7 |   2992 |   4 |  995.8 |
       Dungeon |   3983 |   3617 |    366 |      7 |   2992 |   4 |  995.8 |
               +--------+--------+--------+--------+--------+-----+--------+

Top non-repeatable levels by time:
     D:2: 1325 daAuts
     D:3: 1126 daAuts
     D:1: 810 daAuts
     D:4: 720 daAuts
